 Dungeon Crawl Stone Soup version 0.24.0-37-gcf1ca852f1 (webtiles) character file.

Game seed: 12737578044943421972, levelgen mode: deterministic

6229 Luthien the Destroyer (level 10, 0/60 HPs)
             Began as a Deep Elf Conjurer on Dec 7, 2019.
             Was a Follower of Vehumet.
             Slain by an unseen horror (9 damage)
             ... on level 10 of the Dungeon on Dec 8, 2019.
             The game lasted 01:27:18 (12866 turns).

Luthien the Destroyer (Deep Elf Conjurer)          Turns: 12866, Time: 01:27:19

Health: 0/60       AC:  9    Str:  5    XL:     10   Next: 61%
Magic:  15/26      EV: 15    Int: 27    God:    Vehumet [*.....]
Gold:   403        SH:  0    Dex: 21    Spells: 18/29 levels left

rFire    . . .     SeeInvis .   C - +10 long sword "Conservator" {freeze, Dex+3}
rCold    + . .     Gourm    +   (no shield)
rNeg     . . .     Faith    .   G - +3 leather armour {rC+}
rPois    +         Spirit   .   O - +0 helmet
rElec    .         Reflect  .   m - +0 cloak {+Inv}
rCorr    .         Harm     .   N - +0 pair of gloves
MR       +....                  (no boots)
Stlth    ++........             n - amulet of the gourmand
HPRegen  0.20/turn              J - +6 ring of intelligence
MPRegen  0.20/turn              L - ring of poison resistance

@: no status effects
A: no striking features
a: Renounce Religion, Evoke Invisibility


You were on level 10 of the Dungeon.
You worshipped Vehumet.
Vehumet was aware of your devotion.
You were very full.

You visited 2 branches of the dungeon, and saw 11 of its levels.
You also visited: Ossuary.

You collected 461 gold pieces.
You spent 58 gold pieces at shops.

Inventory:

Hand Weapons
 u - a +3 dagger of venom
 C - the +10 long sword "Conservator" (weapon) {freeze, Dex+3}
   (You found it on level 5 of the Dungeon)

   It has been specially enchanted to freeze those struck by it, causing extra
   injury to most foes and up to half again as much damage against particularly
   susceptible opponents.
   It can also slow down cold-blooded creatures.
   It affects your dexterity (+3).
Missiles
 p - 54 sling bullets (quivered)
 v - 165 arrows
 A - 11 boomerangs
 E - 130 stones
Armour
 a - a +0 robe
 e - a +1 leather armour of cold resistance
 j - a +0 robe
 l - a +0 chain mail
 m - a +0 cloak of invisibility (worn)
 t - a +0 leather armour
 G - a +3 leather armour of cold resistance (worn)
 H - a +0 robe
 N - a +0 pair of gloves (worn)
 O - a +0 helmet (worn)
 X - a +0 ring mail
 Z - a +0 buckler
Jewellery
 f - a +3 amulet of reflection {unknown}
 n - an amulet of the gourmand (around neck)
 J - a +6 ring of intelligence (left hand)
 L - a ring of poison resistance (right hand)
 V - an uncursed ring of fire
Wands
 r - a wand of clouds (3)
 z - a wand of paralysis (8)
 P - a wand of scattershot (2)
 S - a wand of digging (4)
 U - a wand of disintegration (10)
Scrolls
 d - 6 scrolls of remove curse
 g - 2 scrolls of enchant armour
 k - 2 scrolls of fog
 q - 7 scrolls of teleportation
 s - 4 scrolls of enchant weapon
 y - a scroll of immolation {unknown}
 D - a scroll of blinking
 M - 2 scrolls of holy word {unknown}
 Q - a scroll of vulnerability {unknown}
Potions
 b - 4 potions of curing
 h - a potion of lignification
 i - 3 potions of might
 o - 3 potions of brilliance
 w - 2 potions of ambrosia
 x - a potion of heal wounds
 B - a potion of cancellation
 F - a potion of resistance
 I - 4 potions of haste
 R - a potion of berserk rage
 T - a potion of degeneration {unknown}
 Y - a potion of magic {unknown}
Comestibles
 c - 21 rations


   Skills:
 - Level 6.0 Fighting
 - Level 1.6(4.4) Short Blades
 - Level 6.0(6.1) Long Blades
 - Level 6.0 Dodging
 - Level 3.1 Stealth
 + Level 10.4 Spellcasting
 + Level 10.4 Conjurations


You had 18 spell levels left.
You knew the following spells:

 Your Spells              Type           Power        Failure   Level  Hunger
a - Magic Dart            Conj           ####         1%          1    None
b - Searing Ray           Conj           ######       1%          2    None
c - Iskenderun's Mystic   Conj           ######..     1%          4    None
d - Fulminant Prism       Conj/Hex       #####.....   8%          4    None

Your spell library contained the following spells:

 Spells                   Type           Power        Failure   Level  Hunger
 Sandblast                Erth           ##....       7%          1    None
 Dazzling Spray           Conj/Hex       #####.       2%          3    None
 Corona                   Hex            ##.....      7%          1    None
 Summon Small Mammal      Summ           ##..         7%          1    None
 Force Lance              Conj/Tloc      #####...     8%          4    None
 Ensorcelled Hibernation  Hex/Ice        ##....       11%         2    None
 Confuse                  Hex            ##......     21%         3    None
 Tukima's Dance           Hex            ##......     21%         3    None


Dungeon Overview and Level Annotations

Branches:
Dungeon (10/15)            Temple (1/1) D:4         Ossuary (visited)
   Lair: D:8-11         Orc: D:9-12

Altars:
Ashenzari
Cheibriados
Dithmenos
Elyvilon
Fedhas
Gozag
Hepliaklqana
Kikubaaqudgha
Makhleb
Nemelex Xobeh
Okawaru
Qazlal
Ru
Sif Muna
Trog
Uskayaw
Vehumet
Wu Jian
Xom
Yredelemnul
Zin
The Shining One

Shops:
D:6 [

Annotations:
D:7 3 runed translucent doors, frabbit's ghost, novice OpFi


Message History

Something hits you!
* * * LOW HITPOINT WARNING * * *
Your fulminant prism explodes!
You feel much better. Something hits you. x2
You hit something. You freeze something. Something hits you.
You barely miss something. Something closely misses you. Something hits you. x2
* * * LOW HITPOINT WARNING * * *
You hit something. You freeze something. Something hits you but does no damage.
Something barely misses you. Something barely misses you. Something hits you.
* * * LOW HITPOINT WARNING * * *
Something hits you but does no damage.
You hit something. You freeze something. Something hits you but does no damage.
Something hits you.
* * * LOW HITPOINT WARNING * * *
You slash something! You freeze something. Something hits you.
* * * LOW HITPOINT WARNING * * *
Something hits you!
You die...

#....+ +....# #.....
#....###### #..... #....##...#
#..... #.........#
#....#########....##...#
#....#......##....##...#
.####....#......##....##...#
.........#..##@.##.....#...###+
#.......)#..##..##.....#.......
#........#...+..'......#.......
#......)[)...#..#......#.......
#........#.###.###.##.###..###.
####....##+# #.###.##.###..###.
#....# ......#...........
#....+ #... ..#...........
#....# #..# #.##..####+###


There were no monsters in sight!

Vanquished Creatures
  A two-headed ogre (D:8)
  Maurice (D:8)
  A hornet (D:8)
  Prince Ribbit (D:8)
  A hippogriff (D:7)
  A wyvern (D:9)
  2 hungry ghosts
  An ice beast (D:6)
  3 sky beasts
  2 orc warriors
  3 ogres (D:8)
  A black bear (D:6)
  A phantom (D:7)
  4 centaurs
  2 big kobolds (D:9)
  2 bullfrogs (D:8)
  A gnoll sergeant (D:8)
  3 water moccasin zombies (Ossuary)
  5 killer bees (D:7)
  2 scorpions (D:8)
  8 wights
  5 crimson imps
  2 jellies
  A centaur zombie (D:5)
  4 orc priests
  14 orc wizards
  A bullfrog skeleton (D:6)
  7 hounds
  A gnoll shaman (D:7)
  2 iguanas
  5 worker ants
  3 big kobold zombies (Ossuary)
  3 hound skeletons
  2 mummies (Ossuary)
  16 gnolls
  16 adders
  2 shadow imps
  2 oozes
  2 adder zombies (Ossuary)
  An adder skeleton (D:4)
  3 worms
  A dart slug (D:1)
  6 leopard geckos
  37 orcs
  2 ball pythons
  6 giant cockroaches
  10 goblins
  13 hobgoblins
  4 jackals (D:4)
  11 kobolds
  5 quokkas
  10 bats
  6 frilled lizards
  2 gnoll zombies (Ossuary)
  6 hobgoblin zombies (Ossuary)
  6 kobold zombies (Ossuary)
  2 leopard gecko skeletons
  4 orc zombies (Ossuary)
  A quokka skeleton (D:4)
  6 rats
276 creatures vanquished.

Vanquished Creatures (others)
  50 fulminant prisms
50 creatures vanquished.

Grand Total: 326 creatures vanquished

Notes
Turn   | Place    | Note
-------+----------+-------------------------------------------
     0 | D:1      | Luthien the Deep Elf Conjurer began the quest for the Orb.
     0 | D:1      | Reached XP level 1. HP: 10/10 MP: 6/6
   243 | D:1      | Reached XP level 2. HP: 15/15 MP: 5/8
   289 | D:1      | Learned a level 2 spell: Searing Ray
   696 | D:1      | Reached XP level 3. HP: 19/19 MP: 8/10
  1152 | D:2      | Found an opulent altar of Gozag.
  1312 | D:2      | Reached skill level 5 in Conjurations
  1480 | D:2      | Reached XP level 4. HP: 24/24 MP: 9/12
  2401 | D:3      | Reached skill level 5 in Spellcasting
  2401 | D:3      | Reached XP level 5. HP: 18/28 MP: 5/14
  2922 | D:3      | Learned a level 4 spell: Iskenderun's Mystic Blast
  2927 | D:3      | Learned a level 4 spell: Fulminant Prism
  3333 | D:4      | Reached XP level 6. HP: 32/32 MP: 10/17
  3382 | D:4      | Found a staircase to the Ecumenical Temple.
  3410 | Temple   | Entered the Ecumenical Temple
  3842 | D:4      | Found a shimmering blue altar of Sif Muna.
  4064 | D:4      | Found a blossoming altar of Fedhas.
  4382 | D:4      | Reached XP level 7. HP: 34/36 MP: 13/19
  4573 | D:4      | Found a white marble altar of Elyvilon.
  4671 | D:4      | You fall into a shaft and drop 3 floors!
  4736 | D:5      | Entered Level 5 of the Dungeon
  4857 | D:5      | Found a sand-covered staircase.
  4879 | Ossuary  | Entered an ossuary
  5386 | Ossuary  | Reached skill level 1 in Short Blades
  5945 | D:5      | Reached skill level 1 in Fighting
  6661 | D:5      | Got a bone long sword
  6662 | D:5      | Identified the +10 long sword "Conservator" {freeze, Dex+3}
                  | (You found it on level 5 of the Dungeon)
  6720 | D:4      | Identified Sif Muna's Papyrus of Creation
  6833 | D:6      | Reached XP level 8. HP: 43/43 MP: 15/22
  6845 | D:6      | Found Xuydd's Armour Shoppe.
  6902 | D:6      | Reached skill level 1 in Long Blades
  7172 | D:6      | Reached skill level 5 in Dodging
  7867 | D:6      | Found a snail-covered altar of Cheibriados.
  8105 | D:6      | Bought a +0 pair of gloves for 58 gold pieces
  8201 | D:7      | Noticed a hippogriff
  8206 | D:7      | Reached XP level 9. HP: 47/52 MP: 17/23
  8550 | D:7      | Found a runed translucent gate.
  8554 | D:7      | Found a runed translucent gate.
  8573 | D:7      | Found a runed translucent gate.
  8573 | D:7      | Noticed frabbit's ghost (novice OpFi)
  8959 | D:7      | Reached skill level 5 in Long Blades
  8988 | D:7      | Found an iron altar of Okawaru.
  9011 | D:7      | Found a bloodstained altar of Trog.
  9358 | D:7      | Reached skill level 5 in Fighting
  9430 | D:7      | Found a radiant altar of Vehumet.
  9520 | D:8      | Noticed a two-headed ogre
  9526 | D:8      | Killed a two-headed ogre
  9783 | D:8      | Reached XP level 10. HP: 60/60 MP: 14/24
  9953 | D:8      | Noticed Maurice
 10568 | D:8      | Killed Maurice
 10821 | D:8      | Found a hide-covered altar of Uskayaw.
 10822 | D:8      | Noticed a +0 hand axe
 10822 | D:8      | Noticed a +0 hand axe
 10826 | D:8      | Noticed Prince Ribbit
 10841 | D:8      | Killed Prince Ribbit
 11057 | D:8      | Reached skill level 10 in Conjurations
 11579 | D:7      | Became a worshipper of Vehumet
 11639 | D:9      | Reached skill level 10 in Spellcasting
 12062 | D:9      | Reached * piety under Vehumet
 12062 | D:9      | Offered knowledge of Sandblast by Vehumet.
 12649 | D:10     | Entered Level 10 of the Dungeon
 12866 | D:10     | Slain by an unseen horror

Levels and vault maps discovered:
D:1:      roderic_chinese_lattice_arrival, layout_rooms
D:2:      layout_basic, overflow_temple_1_default
D:3:      layout_rooms, minmay_ruptured
D:4:      layout_rooms, led_sif_book, fedhas_altar_2,
          nicolae_overflow_crystal_walls, temple_statues
D:5:      layout_basic, first_ration, chequers_ossuary_entry_cave,
          grunt_ministairs_5, hex_medium, due_unseen_surprise
D:6:      layout_loops_ring, lemuel_coloured_pillars_altar, serial_shops, shop
D:7:      layout_loops_ring, grunt_temple_overflow_bloody_war,
          nicolae_overflow_hidden_temple, gammafunk_ghost_necromancy
D:8:      layout_basic, dancing_weapons_uskayaw, uniq_prince_ribbit1,
          uniq_maurice
D:9:      layout_cave_pools
D:10:     layout_gridville, basic_altar, hangedman_stone_soup,
          nicolae_ru_path_of_blood
Temple:   dshaligram_water_room_temple

Skill      XL: |  1  2  3  4  5  6  7  8  9 10 |
---------------+-------------------------------+-----
Dodging        | 3 4 6 |  6.0
Stealth        | 3 |  3.1
Spellcasting   | 4 5 6 7 8 10 | 10.4
Conjurations   | 5 6 7 8 10 | 10.4
Short Blades   | 1 |  1.6
Fighting       | 1 3 6 |  6.0
Long Blades    | 3 6 |  6.0

Action                   |  1- 3 |  4- 6 |  7- 9 | 10-12 || total
-------------------------+-------+-------+-------+-------++-------
Melee: Dagger            |       |     1 |       |       ||     1
       Long sword        |       |       |    37 |    22 ||    59
 Cast: Magic Dart        |    55 |    96 |    76 |    65 ||   292
       Searing Ray       |     9 |    31 |    67 |    27 ||   134
       Fulminant Prism   |       |       |    14 |    36 ||    50
       Iskenderun's Myst |       |       |     1 |       ||     1
  Use: Scroll            |       |       |    16 |     2 ||    18
       Potion            |       |       |     1 |     1 ||     2
 Stab: Sleeping          |       |       |     1 |       ||     1
  Eat: Chunk             |     2 |    23 |    22 |    17 ||    64
Armor: Robe              |     3 |       |       |       ||     3
       Leather armour    |       |     1 |    20 |    17 ||    38
Dodge: Dodged            |     5 |     9 |    64 |    37 ||   115
       Rpst.: Long sword |       |       |     8 |     2 ||    10
